 Dungeon Crawl Stone Soup version 0.21-a0-417-g0adc95b (webtiles) character file.

1295 Snakeypoo the Ruffian (level 8, 0/80 HPs)
             Began as a Troll Monk on Nov 1, 2017.
             Slain by an orc
             ... wielding a +0 club
              (2 damage)
             ... on level 6 of the Dungeon on Nov 3, 2017.
             The game lasted 00:23:56 (3125 turns).

Snakeypoo the Ruffian (Troll Monk)                  Turns: 3125, Time: 00:23:56

Health: 0/80       AC:  5    Str: 20    XL:     8   Next: 30%
Magic:  7/7        EV: 12    Int:  6    God:
Gold:   129        SH:  0    Dex: 14    Spells: 7/7 levels left

rFire    . . .     SeeInvis .     - Unarmed
rCold    . . .     Gourm    +   (no shield)
rNeg     . . .     Faith    .   a - +0 robe
rPois    .         Spirit   .   (helmet restricted)
rElec    .         Reflect  .   g - scarf {repulsion}
rCorr    .         Harm     .   (gloves unavailable)
MR       .....                  (boots unavailable)
Stlth    ++........             (no amulet)
HPRegen  0.63/turn              (no ring)
MPRegen  0.10/turn              (no ring)

@: drained, repel missiles
A: unfitting armour, claws 3, fast metabolism 3, gourmand, regeneration 1,
shaggy fur 1, tough skin 2
a: no special abilities


You were on level 6 of the Dungeon.
You were completely stuffed.

You visited 1 branch of the dungeon, and saw 6 of its levels.

You collected 129 gold pieces.

Inventory:

Armour
 a - a +0 robe (worn)
 g - a scarf of repulsion (worn)
Jewellery
 h - a +2 ring of dexterity {unknown}
 y - a cursed -2 ring of strength {unknown}
Wands
 z - a wand of acid (5/15)
 A - a wand of random effects (18/48)
 C - a wand of random effects (21/48)
Scrolls
 d - a scroll of fog
 e - 4 scrolls of identify {unknown}
 i - 2 scrolls of magic mapping {unknown}
 k - a scroll of recharging {unknown}
 m - a scroll of enchant weapon {unknown}
 n - 2 scrolls of fear {unknown}
 r - a scroll of blinking {unknown}
 v - 3 scrolls of teleportation {unknown}
Potions
 c - a potion of degeneration {unknown}
 o - 2 potions of invisibility {unknown}
 p - a potion of might {unknown}
 q - 2 potions of magic {unknown}
 t - a potion of resistance {unknown}
 u - a potion of agility {unknown}
 w - a potion of mutation {unknown}
 x - a potion of curing {unknown}
Books
 s - a book of Maledictions

   Spells                             Type                      Level
   a - Corona                         Hexes                        1
   b - Ensorcelled Hibernation        Hexes/Ice                    2
   c - Confuse                        Hexes                        3
   d - Tukima's Dance                 Hexes                        3
   e - Dazzling Spray                 Conjuration/Hexes            3
 B - a book of Cantrips

   Spells                             Type                      Level
   a - Confusing Touch                Hexes                        1
   b - Animate Skeleton               Necromancy                   1
   c - Summon Small Mammal            Summoning                    1
   d - Apportation                    Translocation                1
Comestibles
 b - 3 bread rations
 f - 2 chunks of flesh
 j - a fruit
 l - 4 meat rations


   Skills:
 + Level 5.2(5.1) Fighting
 + Level 5.4(5.3) Dodging
 - Level 1.2 Stealth
 + Level 6.6 Unarmed Combat


You had 7 spell levels left.
You didn't know any spells.

Dungeon Overview and Level Annotations

Branches:
Dungeon (6/15)
 Temple: D:4-7

Altars:
Xom

Shops:
D:6 [}:

Annotations:
D:3 Terence


Innate Abilities, Weirdness & Mutations

You are too large for most types of armour.
You have claws for hands.
Your metabolism is lightning-fast.
You like to eat raw meat.
Your natural rate of healing is unusually fast.
You are covered in fur. (AC +1)
You have very tough skin. (AC +2)


Message History

The ogre hits you with a giant club!
* * * LOW HITPOINT WARNING * * *
The orc hits you but does no damage. The orc hits you with a hand axe.
* * * LOW HITPOINT WARNING * * *
The orc closely misses you.
You claw the ogre!
The ogre is almost dead.
The ogre misses you. The orc barely misses you. x2
You barely miss the ogre.
The ogre is almost dead.
The orc misses you. The orc hits you but does no damage.
You claw the ogre!
You kill the ogre!
The orc hits you but does no damage. The orc hits you with a club.
* * * LOW HITPOINT WARNING * * *
You closely miss the orc. Your claw misses the orc.
The orc hits you from afar with a trident.
* * * LOW HITPOINT WARNING * * *
The orc hits you but does no damage. The orc hits you with a club.
You die...

.....##########
.............. ♣...♣
.#####..##### ♣..... ##
##.## ♣..o... #..#
..o≈≈≈. ##### ##.#
..≈≈≈≈≈ ....####.#
..≈≈♣≈≈
#.#....#.#########..≈≈≈≈≈
..####.........o@)o..≈≈≈.
∩.####.........o###......
..#......................
#..(##.........#######..#
...............# #.##
.#####.........######..##
.#####.............>.....
.##......<.....#........#
....####................#


You could see 3 orcs.

Vanquished Creatures
  4 ogres
  A phantom (D:4)
  A bullfrog (D:6)
  Blork the orc (D:6)
  A wyvern zombie (D:6)
  2 scorpions
  A crimson imp (D:5)
  2 orc priests
  4 hounds
  A centaur skeleton (D:4)
  An orc wizard (D:4)
  A bullfrog skeleton (D:5)
  An iguana (D:5)
  2 worker ants (D:5)
  A killer bee zombie (D:6)
  7 adders
  A gnoll (D:2)
  A howler monkey skeleton (D:6)
  A shadow imp (D:6)
  An ooze (D:5)
  An adder zombie (D:5)
  An adder skeleton (D:5)
  2 worms
  2 dart slugs (D:1)
  3 leopard geckos
  8 orcs
  A ball python (D:5)
  7 bats
  9 giant cockroaches
  11 goblins
  4 hobgoblins
  4 jackals
  5 kobolds
  A quokka (D:2)
  5 frilled lizards
  A giant cockroach zombie (D:5)
  A jackal skeleton (D:4)
  A leopard gecko skeleton (D:4)
  12 rats
114 creatures vanquished.

Notes
Turn   | Place    | Note
-------+----------+-------------------------------------------
     0 | D:1      | Snakeypoo the Troll Monk began the quest for the Orb.
     0 | D:1      | Reached XP level 1. HP: 22/22 MP: 0/0
    64 | D:1      | Reached XP level 2. HP: 27/29 MP: 1/1
   317 | D:1      | Upgraded the game from 0.21-a0-405-gf2af9a1 to 0.21-a0-417-g0adc95b
   389 | D:1      | Reached XP level 3. HP: 36/36 MP: 2/2
   889 | D:2      | Found a shimmering altar of Xom.
   900 | D:2      | Reached XP level 4. HP: 41/44 MP: 3/3
  1296 | D:3      | Reached skill level 4 in Unarmed Combat
  1402 | D:3      | Noticed Terence
  1414 | D:4      | Noticed an ogre
  1421 | D:4      | Killed an ogre
  1421 | D:4      | Reached XP level 5. HP: 13/53 MP: 4/4
  1589 | D:4      | Noticed an ogre
  1601 | D:4      | Killed an ogre
  1601 | D:4      | Reached XP level 6. HP: 7/61 MP: 5/5
  1787 | D:4      | Reached skill level 5 in Unarmed Combat
  1935 | D:4      | Reached XP level 7. HP: 56/70 MP: 6/6
  2236 | D:5      | Entered Level 5 of the Dungeon
  2554 | D:5      | Reached skill level 6 in Unarmed Combat
  2839 | D:6      | Reached skill level 5 in Dodging
  2864 | D:6      | Reached XP level 8. HP: 49/79 MP: 7/7
  2890 | D:6      | Found Laypt's Book Shoppe.
  2932 | D:6      | Found Sedghe's Gadget Shop.
  3014 | D:6      | Found Meur's Armour Shoppe.
  3092 | D:6      | Noticed Blork the orc
  3098 | D:6      | Reached skill level 5 in Fighting
  3109 | D:6      | Killed Blork the orc
  3125 | D:6      | HP: 2/80 [orc/trident (4)]
  3125 | D:6      | Slain by an orc

Vault maps used:
D:1:      saegor_arrival_simple_f
D:2:      xom_teletrap_fun, cheibrodos_gnoll_hut
D:3:      amethyst_overflow_temple_binary, uniq_jessica, uniq_terence
D:5:      first_bread, dk_rats_in_the_wall
D:6:      elyvilon_altar_3, temple_hall, serial_shops, shop, nicolae_shop_stone,
          kennysheep_mini_moat, kennysheep_small_circle, uniq_blork_the_orc

Skill      XL: |  1  2  3  4  5  6  7  8 |
---------------+-------------------------+-----
Dodging        | 3 4 5 |  5.4
Unarmed Combat | 4 5 6 |  6.6
Fighting       | 3 4 5 |  5.2
Stealth        | |  1.2

Action                   |  1- 3 |  4- 6 |  7- 9 || total
-------------------------+-------+-------+-------++-------
Melee: Unarmed           |   117 |    81 |   130 ||   328
       Punch             |     1 |     1 |     2 ||     4
  Use: Scroll            |     1 |       |       ||     1
 Stab: Sleeping          |     2 |     2 |     2 ||     6
  Eat: Chunk             |    14 |     9 |    11 ||    34
Armor: Robe              |    41 |    21 |    22 ||    84
Dodge: Dodged            |    67 |    45 |    99 ||   211
       Deflected         |     2 |       |       ||     2

Table legend:
 A = Spawn XP
 B = Non-spawn XP
 C = Spawn XP percentage of total XP
 D = Spawn monster count
 E = Non-spawn monster count
 F = Spawn count percentage of total count
 G = Total turns spent on level
                    A         B        C        D         E        F      G
               +---------+---------+-------+---------+---------+-------+---------
         Total |       0 |    1851 |   0.0 |       0 |     114 |   0.0 |  3125
               +---------+---------+-------+---------+---------+-------+---------
           D:1 |       0 |      54 |   0.0 |       0 |      31 |   0.0 |   549
           D:2 |       0 |      63 |   0.0 |       0 |      19 |   0.0 |   740
           D:3 |       0 |      17 |   0.0 |       0 |      10 |   0.0 |   123
           D:4 |       0 |     818 |   0.0 |       0 |      18 |   0.0 |   824
           D:5 |       0 |     305 |   0.0 |       0 |      17 |   0.0 |   583
           D:6 |       0 |     594 |   0.0 |       0 |      19 |   0.0 |   306
               +---------+---------+-------+---------+---------+-------+---------
